 Dungeon Crawl Stone Soup version 0.18.1-5-g4a78601 (webtiles) character file.

1490 oplop the Poker (level 8, -1/52 HPs)
             Began as a Merfolk Ice Elementalist on May 9, 2016.
             Was an Initiate of Cheibriados.
             Slain by a gnoll sergeant
             ... wielding a +0 spear
              (8 damage)
             ... on level 7 of the Dungeon.
             The game lasted 00:15:52 (7495 turns).

oplop the Poker (Merfolk Ice Elementalist)          Turns: 7495, Time: 00:15:53

Health: -1/52      AC:  6    Str: 17    XL:     8   Next: 80%
Magic:  10/14      EV: 15    Int: 18    God:    Cheibriados [......]
Gold:   289        SH:  0    Dex: 15    Spells: 3 memorised, 10 levels left

rFire  . . .     SeeInvis .     m - +1 trident
rCold  . . .     Gourm    .     v - +1 leather armour
rNeg   . . .     Faith    .     (no shield)
rPois  .         Spirit   .     d - +0 helmet
rElec  .         Dismiss  .     (no cloak)
rCorr  .         Reflect  .     E - +0 pair of gloves
SustAt .         Harm     .     (no boots)
MR     .....                    (no amulet)
Stlth  +.........               u - +3 ring of strength
                                f - ring of loudness

@: mighty, very slow, not resistant to hostile enchantments, very unstealthy
A: change form in water, swift swim
a: Bend Time, Renounce Religion


You were on level 7 of the Dungeon.
You worshipped Cheibriados.
Cheibriados was noncommittal.
You were not hungry.

You visited 2 branches of the dungeon, and saw 8 of its levels.

You collected 289 gold pieces.

Inventory:

Hand Weapons
 m - a +1 trident (weapon)
 n - a +0 halberd
 q - a +0 spear of freezing
Missiles
 H - a throwing net (quivered)
Armour
 a - a +0 robe
 d - a +0 helmet (worn)
 v - a +1 leather armour (worn)
 C - a +0 buckler
 E - a +0 pair of gloves (worn)
Jewellery
 f - a ring of loudness (left hand)
 h - an uncursed ring of fire
 k - an uncursed ring of protection from magic
 u - a +3 ring of strength (right hand)
 B - an uncursed ring of resist corrosion {unknown}
Wands
 I - a wand of confusion (17/48)
Scrolls
 e - 2 scrolls of recharging
 o - 3 scrolls of magic mapping
 p - 4 scrolls of identify
 w - a scroll of immolation
 y - a scroll of amnesia {unknown}
 D - a scroll of teleportation
Potions
 g - a potion of magic {unknown}
 i - a potion of heal wounds {unknown}
 j - a potion of agility {unknown}
 l - 2 potions of cure mutation
 r - a potion of lignification {unknown}
 t - a potion of curing
 x - a potion of degeneration {unknown}
 z - a potion of brilliance {unknown}
Books
 b - a book of Frost

   Spells                             Type                      Level
   a - Freeze                         Ice                          1
   b - Throw Frost                    Conjuration/Ice              2
   c - Ozocubu's Armour               Charms/Ice                   3
   d - Throw Icicle                   Conjuration/Ice              4
   e - Summon Ice Beast               Ice/Summoning                4
 A - a book of Beasts

   Spells                             Type                      Level
   a - Summon Butterflies             Summoning                    1
   b - Call Canine Familiar           Summoning                    3
   c - Summon Ice Beast               Ice/Summoning                4
   d - Summon Mana Viper              Hexes/Summoning              5
   e - Summon Hydra                   Summoning                    7
Comestibles
 c - 3 bread rations
 F - 2 fruits


   Skills:
 - Level 0.2 Fighting
 + Level 7.8 Polearms
 - Level 6.4 Dodging
 - Level 2.3 Stealth
 - Level 0.2 Unarmed Combat
 + Level 4.6 Spellcasting
 + Level 0.7 Conjurations
 - Level 4.1 Charms
 + Level 6.1 Ice Magic
 + Level 0.2 Invocations


You had 10 spell levels left.
You knew the following spells:

 Your Spells              Type           Power        Failure   Level  Hunger
a - Freeze                Ice            ####         1%          1    None
b - Throw Frost           Conj/Ice       ###...       8%          2    #......
c - Ozocubu's Armour      Chrm/Ice       ###.....     10%         3    ###....


Dungeon Overview and Level Annotations

Branches:
Dungeon (7/15)             Temple (1/1) D:5

Altars:
Ashenzari
Cheibriados
Dithmenos
Elyvilon
Fedhas
Kikubaaqudgha
Makhleb
Nemelex Xobeh
Okawaru
Pakellas
Qazlal
Ru
Sif Muna
Trog
Xom
Yredelemnul
Zin
The Shining One

Annotations:
D:3 oplop's ghost, amateur MfIE
D:5 Eustachio


Message History

Drink which item? (? for menu, Esc to quit)
You feel better.
Drink which item? (? for menu, Esc to quit)
You feel very mighty all of a sudden. The gnoll closely misses you.
The gnoll sergeant hits you but does no damage.
Unknown command.
You puncture the gnoll!
You kill the gnoll!
Cheibriados thoroughly appreciates the change of pace.
The gnoll sergeant hits you from afar with a spear!
* * * LOW HITPOINT WARNING * * *
Unknown command.
Attack whom?
Press: ? - help, Dir - move target cursor, f - gnoll sergeant
Aim: a gnoll sergeant, wielding a spear and wearing a ring mail You reach to attack!
You hit the gnoll sergeant.
The gnoll sergeant is lightly wounded.
The gnoll sergeant hits you from afar with a spear!
You die...

... #.#..#.#
#####.# #....#.#
...#.## #....#.#
.....###.#.##.#
....#...#....#
###...#.########
#.....#.# #gg#.#
#..#@# #.g).#
#.#### #.# #.#
#.# #.# #.


You could see a gnoll sergeant.

Vanquished Creatures
  2 sky beasts (D:6)
  A necrophage (D:6)
  An ogre (D:6)
  A phantom (D:5)
  A big kobold (D:4)
  Blork the orc (D:5)
  4 scorpions
  2 howler monkeys
  A crimson imp (D:5)
  3 hounds
  2 orc priests
  3 orc wizards
  A giant frog skeleton (D:5)
  Robin (D:2)
  7 adders
  9 gnolls
  2 oozes
  4 worms
  5 dart slugs
  A giant gecko (D:3)
  19 orcs
  19 bats
  5 giant cockroaches
  18 hobgoblins
  15 jackals
  2 quokkas (D:2)
  A giant gecko skeleton (D:5)
  10 giant newts
  9 goblins
  8 kobolds
  4 rats
162 creatures vanquished.

Notes
Turn   | Place    | Note
--------------------------------------------------------------
     0 | D:1      | oplop the Merfolk Ice Elementalist began the quest for the Orb.
     0 | D:1      | Reached XP level 1. HP: 13/13 MP: 3/3
   280 | D:1      | Reached XP level 2. HP: 10/19 MP: 1/5
   970 | D:2      | Reached XP level 3. HP: 22/24 MP: 5/7
  1364 | D:2      | Reached XP level 4. HP: 27/30 MP: 8/8
  1770 | D:2      | Noticed Robin
  2444 | D:2      | Reached skill level 1 in Polearms
  2579 | D:2      | Killed Robin
  2579 | D:2      | Reached XP level 5. HP: 28/35 MP: 1/9
  2584 | D:2      | Learned a level 2 spell: Throw Frost
  2588 | D:2      | Learned a level 3 spell: Ozocubu's Armour
  3135 | D:3      | Found a shadowy altar of Dithmenos.
  3564 | D:4      | Reached skill level 2 in Polearms
  3637 | D:4      | Reached skill level 1 in Charms
  3637 | D:4      | Reached XP level 6. HP: 23/41 MP: 0/10
  3753 | D:4      | Found a sparkling altar of Nemelex Xobeh.
  3890 | D:4      | Reached skill level 3 in Polearms
  4152 | D:4      | Found a shattered altar of Ashenzari.
  4507 | D:3      | Reached skill level 4 in Polearms
  4507 | D:3      | Reached skill level 5 in Ice Magic
  4511 | D:3      | Reached XP level 7. HP: 12/46 MP: 6/12
  4816 | D:3      | Noticed oplop's ghost (amateur MfIE)
  4941 | D:4      | Reached skill level 5 in Dodging
  5085 | D:5      | Entered Level 5 of the Dungeon
  5101 | D:5      | Found a bloodstained altar of Trog.
  5138 | D:5      | Reached skill level 5 in Polearms
  5284 | D:5      | Found a white marble altar of Elyvilon.
  5610 | D:5      | Reached XP level 8. HP: 44/52 MP: 9/14
  5933 | D:5      | Found a staircase to the Ecumenical Temple.
  5933 | D:5      | Noticed Eustachio
  6006 | Temple   | Entered the Ecumenical Temple
  6483 | D:5      | Noticed Blork the orc
  6489 | D:5      | Killed Blork the orc
  6489 | D:5      | Reached skill level 6 in Polearms
  6534 | D:5      | Found a deep blue altar of Sif Muna.
  6557 | D:5      | Found an ancient bone altar of Kikubaaqudgha.
  6953 | D:6      | Reached skill level 7 in Polearms
  7175 | D:6      | Found a glowing golden altar of the Shining One.
  7377 | D:6      | Found a snail-covered altar of Cheibriados.
  7377 | D:6      | Found a glowing silver altar of Zin.
  7380 | D:6      | Became a worshipper of Cheibriados the Contemplative
  7495 | D:7      | Slain by a gnoll sergeant

Skill      XL: |  1  2  3  4  5  6  7  8 |
---------------+-------------------------+-----
Dodging        | 3 4 5 6 |  6.4
Ice Magic      | 4 5 6 |  6.1
Polearms       | 1 2 4 5 7 |  7.8
Spellcasting   | 3 4 |  4.6
Charms         | 1 2 3 4 |  4.1
Fighting       | |  0.2
Stealth        | |  2.3
Unarmed Combat | |  0.2
Conjurations   | |  0.7
Invocations    | |  0.2

Action                   |  1- 3 |  4- 6 |  7- 9 || total
-------------------------+-------+-------+-------++-------
Melee: Unarmed           |    48 |       |       ||    48
       Spear             |    35 |    77 |       ||   112
       Trident           |       |   107 |   203 ||   310
       Punch             |       |     1 |       ||     1
 Cast: Freeze            |    34 |    62 |    69 ||   165
       Throw Frost       |       |     4 |     4 ||     8
       Ozocubu's Armour  |       |     1 |     3 ||     4
  Use: Scroll            |       |    11 |     1 ||    12
       Potion            |       |     2 |     2 ||     4
 Stab: Sleeping          |       |     1 |       ||     1
  Eat: Chunk             |     2 |     4 |     7 ||    13
       Meat ration       |       |     1 |       ||     1
       Pizza             |       |     1 |       ||     1
       Beef jerky        |       |       |     2 ||     2
Armor: Robe              |    16 |    26 |       ||    42
       Leather armour    |       |    22 |    98 ||   120
Dodge: Dodged            |    69 |   138 |   200 ||   407
